 Dungeon Crawl Stone Soup version 0.29.1-1-gd02db6906a (webtiles) character file.

Game seed: 13160707475339727450

2003 vvl the Stinger (level 9, -3/64 HPs)
             Began as a Demonspawn Venom Mage on Oct 4, 2022.
             Was a Follower of Fedhas.
             Slain by Grinder (6 damage)
             ... on level 6 of the Dungeon.
             The game lasted 00:14:14 (9525 turns).

vvl the Stinger (Demonspawn Venom Mage)             Turns: 9525, Time: 00:14:15

Health: -3/64      AC:  5    Str:  9    XL:     9   Next: 2%
Magic:  10/15      EV: 13    Int: 21    God:    Fedhas [*.....]
Gold:   230        SH:  0    Dex: 13    Spells: 11/16 levels left

rFire   + . .      SeeInvis .   m - +3 hand axe "Qouwoaridu" {speed, rF+}
rCold   + . .      Faith    .   (no shield)
rNeg    . . .      Spirit   .   k - +3 ring mail
rPois   .          Reflect  .   (no helmet)
rElec   .          Harm     .   (no cloak)
rCorr   .          Rampage  .   o - +0 pair of gloves
Will    .....                   (no boots)
Stlth   +.........              (no amulet)
HPRegen 0.20/turn               g - ring of protection from cold
MPRegen 0.14/turn               (no ring)

@: corroded
A: claws 2, repulsion field 1, powered by pain 3
a: Renounce Religion


You were on level 6 of the Dungeon.
You worshipped Fedhas.
Fedhas was aware of your devotion.
You visited 2 branches of the dungeon, and saw 7 of its levels.

You collected 333 gold pieces.
You spent 103 gold pieces at shops.

Inventory:

Hand Weapons
 a - a +1 dagger of electrocution
 m - the +3 hand axe "Qouwoaridu" (weapon) {speed, rF+}
   (You found it on level 2 of the Dungeon)

   Attacks with this weapon are significantly faster.
   rF:        It protects you from fire.
Armour
 k - a +3 ring mail (worn)
 o - a +0 pair of gloves (worn)
Jewellery
 g - a ring of protection from cold (left hand)
Wands
 u - a wand of flame (23)
 y - a wand of light (2)
Scrolls
 c - 6 scrolls of identify {unknown}
 e - 3 scrolls of noise {unknown}
 j - 3 scrolls of teleportation {unknown}
 l - 2 scrolls of fear {unknown}
 n - a scroll of silence {unknown}
 p - a scroll of torment {unknown}
 q - a scroll of enchant weapon {unknown}
 s - a scroll of amnesia {unknown}
 t - 2 scrolls of poison {unknown}
 w - a scroll of vulnerability {unknown}
 x - 2 scrolls of magic mapping {unknown}
 B - a scroll of brand weapon {unknown}
Potions
 b - a potion of magic
 d - 2 potions of brilliance {unknown}
 h - 3 potions of curing
 i - a potion of mutation {unknown}
 r - a potion of resistance {unknown}
 v - a potion of berserk rage {unknown}
 z - a potion of attraction {unknown}
 A - a potion of might {unknown}


   Skills:
 + Level 3.5 Fighting
 + Level 3.3 Armour
 + Level 3.9 Dodging
 - Level 2.0 Stealth
 + Level 4.1 Spellcasting
 + Level 3.1 Conjurations
 + Level 3.5 Necromancy
 + Level 3.4 Transmutations
 * Level 6.3 Poison Magic
 + Level 2.9 Invocations


You had 11 spell levels left.
You knew the following spells:

 Your Spells              Type           Power      Damage    Failure   Level
a - Sting                 Tmut/Pois      96%        1d7       4%          1
b - Olgreb's Toxic Radia  Pois           30%        N/A       22%         4

Your spell library contained the following spells:

 Spells                   Type           Power      Damage    Failure   Level
 Magic Dart               Conj           68%        1d6       9%          1
 Poisonous Vapours        Pois/Air       34%        N/A       13%         2
 Mephitic Cloud           Conj/Pois/Air  17%        N/A       26%         3
 Call Imp                 Summ           4%         N/A       43%         2
 Scorch                   Fire           8%         2d5       43%         2
 Confusing Touch          Hex            4%         N/A       67%         3
 Flame Wave               Conj/Fire      10%        2d6       85%         4
 Yara's Violent Unravell  Hex/Tmut       5%         3d4       99%         5
 Summon Cactus Giant      Summ           2%         N/A       100%        6
 Enfeeble                 Hex            2%         N/A       100%        7


Dungeon Overview and Level Annotations

Branches:
Dungeon (6/15)             Temple (1/1) D:4

Altars:
Ashenzari
Cheibriados
Dithmenos
Fedhas
Gozag
Hepliaklqana
Kikubaaqudgha
Makhleb
Nemelex Xobeh
Okawaru
Ru
Sif Muna
Trog
Uskayaw
Wu Jian
Xom
Yredelemnul

Shops:
D:2 ((!!=   D:5 [

Annotations:
D:6 Grinder


Innate Abilities, Weirdness & Mutations

You have very sharp fingernails.
You are surrounded by a mild repulsion field. (EV +2)
You are powered by pain.


Message History

You hit the jelly.
Your hands burn!
* * * LOW HITPOINT WARNING * * *
You feel sick.
You kill the adder!
Fedhas appreciates your contribution to the ecosystem.
The jelly hits you.
* * * LOW HITPOINT WARNING * * *
You are splashed with acid!
* * * LOW HITPOINT WARNING * * *
Grinder blinks!
You feel better. The jelly hits you.
* * * LOW HITPOINT WARNING * * *
You are splashed with acid!
* * * LOW HITPOINT WARNING * * *
Grinder blinks!
You feel much better. The jelly hits you. The acid corrodes you!
You are splashed with acid!
* * * LOW HITPOINT WARNING * * *
Grinder says, "Tell me all your secrets, or I'll kill you."
Grinder gestures at you.
You suddenly lose the ability to move!
The jelly hits you but does no damage.
You can move again.
You hit the ogre but do no damage.
The ogre is almost dead.
You barely miss Grinder. You hit the jelly.
Your hands burn!
* * * LOW HITPOINT WARNING * * *
The ogre barely misses you. The jelly closely misses you. Grinder hits you.
* * * LOW HITPOINT WARNING * * *
Unknown command.
You barely miss the ogre. You punch the ogre, but do no damage.
The ogre is almost dead.
You barely miss the jelly. You closely miss Grinder.
You kill the ogre!
Fedhas appreciates your contribution to the ecosystem.
The jelly hits you but does no damage. Grinder hits you.
* * * LOW HITPOINT WARNING * * *
You writhe in agony.
You die...
Fedhas appreciates your contribution to the ecosystem.

....###########........###.#
....'......................#
....######################.#
....# ####### #.. ..
....####..)..#### #.# .#
.###............#####.#..#
'##..###.................#
..#.##.##.#....J##...#...#
....#._.#......5@).......#
..####.####.†...##...#.....
.##..#'#..##....##...#......#
.#...'.)...#....##...##'#####
.##.##.##.##....##...# ..
..###.#.###.....###### ###
#.....#.....#####
.....###.#### ####.....#


You could see Grinder and a jelly.

Vanquished Creatures
  Prince Ribbit (D:5)
  Eustachio (D:4)
  Duvessa (D:5)
  2 black bears
  3 ogres (D:6)
  2 phantoms
  A gnoll sergeant (D:6)
  5 scorpions
  Dowan (D:5)
  A howler monkey (D:6)
  A hound (D:6)
  A gnoll bouda (D:6)
  An orc priest (D:4)
  Crazy Yiuf (D:3)
  A jelly (D:4)
  Jessica (D:2)
  2 iguanas (D:4)
  An orc wizard (D:4)
  Robin (D:3)
  13 adders
  12 gnolls
  2 white imps
  An ufetubus (D:5)
  A worm (D:3)
  5 dart slugs
  6 orcs
  5 bats
  10 endoplasms
  4 giant cockroaches
  6 goblins
  9 hobgoblins
  16 jackals
  8 kobolds
  5 quokkas
  7 ball pythons
  2 frilled lizards
  10 rats
150 creatures vanquished.

Vanquished Creatures (others)
  11 plants (D:5)
11 creatures vanquished.

Grand Total: 161 creatures vanquished

Notes
Turn   | Place    | Note
-------+----------+-------------------------------------------
     0 | D:1      | vvl the Demonspawn Venom Mage began the quest for the Orb.
     0 | D:1      | Reached XP level 1. HP: 13/13 MP: 3/3
   302 | D:1      | Reached skill level 1 in Transmutations
   615 | D:1      | Gained mutation: You have sharp fingernails. [demonic
                  | ancestry]
   615 | D:1      | Reached XP level 2. HP: 19/19 MP: 1/5
  1749 | D:2      | Gained mutation: You have very sharp fingernails. [demonic
                  | ancestry]
  1749 | D:2      | Reached XP level 3. HP: 21/25 MP: 4/6
  1772 | D:2      | HP: 1/25 [constriction (1)]
  2310 | D:2      | Reached skill level 1 in Fighting
  2310 | D:2      | Reached skill level 1 in Armour
  2310 | D:2      | Reached XP level 4. HP: 28/32 MP: 0/7
  2384 | D:2      | Found Anuhih's Distillery.
  2391 | D:2      | Bought a potion of heal wounds for 70 gold pieces
  2494 | D:2      | Found a faded altar of an unknown god.
  2508 | D:2      | Identified the +3 hand axe "Qouwoaridu" {speed, rF+}
  2557 | D:2      | Found Seugaom's Jewellery Shop.
  2648 | D:2      | Found Ditegro's Distillery.
  2656 | D:2      | Bought a potion of curing for 33 gold pieces
  2823 | D:2      | Found Hoanyidd's Weapon Emporium.
  2860 | D:2      | Noticed Jessica
  2865 | D:2      | Killed Jessica
  2923 | D:2      | Found Ydid's Weapon Boutique.
  2941 | D:2      | Learned a level 4 spell: Olgreb's Toxic Radiance
  3155 | D:3      | Gained mutation: You are surrounded by a mild repulsion
                  | field. (EV +2) [demonic ancestry]
  3155 | D:3      | Reached XP level 5. HP: 15/37 MP: 6/8
  3166 | D:3      | Reached skill level 4 in Poison Magic
  4211 | D:3      | Found a shimmering blue altar of Sif Muna.
  4349 | D:3      | Found a bloodstained altar of Trog.
  4639 | D:3      | Noticed Robin
  4662 | D:3      | Killed Robin
  4669 | D:3      | Reached skill level 1 in Necromancy
  4843 | D:3      | Found a runed translucent door.
  4844 | D:3      | Noticed Crazy Yiuf
  4885 | D:3      | Killed Crazy Yiuf
  4886 | D:3      | Gained mutation: You sometimes gain a little power by
                  | taking damage. [demonic ancestry]
  4886 | D:3      | Reached XP level 6. HP: 19/44 MP: 3/10
  5376 | D:4      | Found an ancient bone altar of Kikubaaqudgha.
  5396 | D:4      | Found a staircase to the Ecumenical Temple.
  5413 | D:4      | Found a shimmering altar of Xom.
  5445 | D:4      | Reached skill level 1 in Conjurations
  5865 | D:4      | Gained mutation: You sometimes gain power by taking damage.
                  | [demonic ancestry]
  5865 | D:4      | Reached XP level 7. HP: 38/50 MP: 4/11
  6100 | D:4      | Noticed Eustachio
  6115 | D:4      | Killed Eustachio
  6116 | D:4      | Reached skill level 5 in Poison Magic
  6990 | Temple   | Entered the Ecumenical Temple
  7051 | Temple   | Became a worshipper of Fedhas Madash
  7090 | D:5      | Entered Level 5 of the Dungeon
  7608 | D:5      | Noticed Dowan
  7628 | D:5      | Noticed Duvessa
  7636 | D:5      | Killed Dowan
  7637 | D:5      | Gained mutation: You are powered by pain. [demonic
                  | ancestry]
  7637 | D:5      | Reached XP level 8. HP: 38/57 MP: 5/13
  7650 | D:5      | Killed Duvessa
  7651 | D:5      | Reached skill level 1 in Invocations
  7870 | D:5      | Found Taesaov's Armour Boutique.
  7897 | D:5      | Noticed Prince Ribbit
  7918 | D:5      | Killed Prince Ribbit
  8341 | D:5      | Found a sacrificial altar of Ru.
  8341 | D:5      | Found a shadowy altar of Dithmenos.
  8599 | D:6      | Reached skill level 6 in Poison Magic
  8889 | D:6      | Reached * piety under Fedhas
  9413 | D:6      | Reached XP level 9. HP: 64/64 MP: 8/15
  9466 | D:6      | Found a sparkling altar of Nemelex Xobeh.
  9504 | D:6      | Noticed Grinder
  9520 | D:6      | Paralysed by Grinder for 2 turns
  9525 | D:6      | HP: 3/64 [Grinder (6)]
  9525 | D:6      | Slain by Grinder

Illustrated notes

Levels and vault maps discovered:
D:1:      wheals_arrival_linesprint, layout_basic, hangedman_decor_growths,
          hangedman_decor_lopped, minmay_pentomino_t2
D:2:      layout_basic, serial_shops, nicolae_lakefront_shop,
          nicolae_shop_stone, shop, nicolae_shop_trees, shop,
          basic_ecumenical_altar, minmay_misc_feat_rows, uniq_jessica
D:3:      layout_basic, nzn_overflow_gifts_of_might_and_magic,
          uniq_crazy_yiuf_cottage, uniq_robin
D:4:      layout_basic, mainiacjoe_overflow_chevrons, general_overflow_altar,
          minmay_temple_entry_stoned_glass, grunt_ministairs_7, uniq_eustachio
D:5:      layout_basic, gammafunk_temple_overflow_wave, serial_shops,
          nicolae_shop_competitors_out_of_business, serial_bayou_lake_a,
          uniq_prince_ribbit1, uniq_duvessa
D:6:      layout_basic, nemelex_dance_club_becter, vehumet_statue, uniq_grinder
Temple:   cyrus_circular_temple

Skill      XL: |  1  2  3  4  5  6  7  8 |
---------------+-------------------------+-----
Transmutations | 1 2 3 |  3.4
Stealth        | 2 |  2.0
Dodging        | 2 3 |  3.9
Fighting       | 1 2 3 |  3.5
Armour         | 1 2 3 |  3.3
Poison Magic   | 4 5 6 |  6.3
Necromancy     | 1 2 3 |  3.5
Spellcasting   | 3 4 |  4.1
Conjurations   | 1 2 3 |  3.1
Invocations    | 2 |  2.9

Action                   |  1- 3 |  4- 6 |  7- 9 || total
-------------------------+-------+-------+-------++-------
Melee: Unarmed           |    35 |       |       ||    35
       Punch             |     2 |     5 |     3 ||    10
       Short sword       |    36 |       |       ||    36
       Dagger            |     3 |    24 |       ||    27
       Hand axe          |       |   195 |   164 ||   359
 Cast: Sting             |    49 |    53 |    84 ||   186
       Olgreb's Toxic Ra |       |     1 |     3 ||     4
Evoke: Wand              |       |       |     1 ||     1
  Use: Potion            |       |     1 |     3 ||     4
 Stab: Sleeping          |       |     2 |       ||     2
       Invisible         |       |       |     1 ||     1
Armor: Robe              |    11 |       |       ||    11
       Ring mail         |    29 |   108 |    89 ||   226
Dodge: Dodged            |    81 |   138 |   155 ||   374
